AoeStats
← Leinad

Black Forest

510171162Analyzed
4v4 RM · 2d ago on Sep 29, 2026· 53m 44s· 8 players
Game mode
Random Map
Map size
Large (8 player)
Population
200
Speed
Normal
Resources
Standard
Victory
Conquest
Starting age
Dark Age
Ending age
Imperial Age
RankedLock teamsTeams togetherTeam positionsShared explorationLock speedFull tech treeHidden civsTurbo modeCheats
Victory
Defeat
🇨🇿 Ethiopians · Czechia
1193
+14
🇨🇿 Malians · Czechia
1190
+14
🇨🇿 Lithuanians · Czechia
1176
+15
🇨🇿 Franks · Czechia
1173
+15
🇨🇳 Maya · China
1168
-15
🇹🇷 Slavs · Türkiye
1168
-15
🇨🇱 Celts · Chile
1144
-14
🇸🇪 Saracens · Sweden
1126
-14
CoskunKaya
2:30 Loom
12:26 Feudal Age
13:58 Wheelbarrow
14:22 Double-Bit Axe
16:51 Horse Collar
19:52 Castle Age
17:58 Fishing Lines
18:27 Gold Mining
18:22 Fishing Lines
19:19 Stone Mining
22:57 Gillnets
26:05 Forging
28:32 Iron Casting
28:30 Bloodlines
29:11 Husbandry
30:51 Scale Barding Armor
31:55 Chain Barding Armor
32:58 Hand Cart
32:28 Town Watch
36:52 Imperial Age
35:46 Bow Saw
35:37 Heavy Plow
36:13 Gold Shaft Mining
37:00 Caravan
37:30 Coinage
37:14 Detinets
38:14 Conscription
38:32 Hoardings
39:26 Blast Furnace
张维为
0:29 Loom
12:09 Feudal Age
14:17 Double-Bit Axe
17:11 Castle Age
18:42 Town Watch
19:13 Eagle Warrior
24:01 Gold Mining
24:43 Pikeman
Nichelson3360
0:58 Loom
13:16 Feudal Age
19:21 Castle Age
17:48 Double-Bit Axe
22:15 Bow Saw
23:17 Fletching
23:53 Gambesons
27:42 Wheelbarrow
27:07 Bodkin Arrow
32:40 Pikeman
36:11 Scale Mail Armor
36:21 Forging
37:45 Hand Cart
38:36 Horse Collar
38:40 Fishing Lines
Hans Solo
10:52 Feudal Age
15:46 Castle Age
14:30 Double-Bit Axe
17:07 Bow Saw
23:02 Horse Collar
26:53 Stone Mining
27:22 Heavy Plow
27:43 Gold Mining
30:08 Gold Shaft Mining
30:15 Wheelbarrow
30:52 Forging
31:06 Scale Barding Armor
31:38 Hand Cart
32:42 Iron Casting
36:27 Imperial Age
34:25 Chain Barding Armor
34:55 Husbandry
35:26 Bloodlines
34:37 Light Cavalry
36:34 Elite Mameluke
37:37 Conscription
39:07 Plate Barding Armor
40:12 Hussar
42:18 Blast Furnace
41:45 Loom
41:46 Town Watch
čuňas
2:13 Loom
10:39 Feudal Age
12:42 Double-Bit Axe
12:49 Town Watch
19:52 Castle Age
18:53 Fletching
20:10 Gold Mining
21:10 Bodkin Arrow
23:38 Bodkin Arrow
24:01 Crossbowman
36:11 Padded Archer Armor
38:43 Leather Archer Armor
48:16 Imperial Age
47:03 Bow Saw
46:34 Horse Collar
49:11 Bracer
48:40 Arbalester
49:56 Thumb Ring
50:35 Ballistics
52:12 Ring Archer Armor
52:50 Chemistry
exd
12:02 Feudal Age
15:48 Castle Age
13:35 Loom
14:14 Double-Bit Axe
14:52 Gold Mining
20:01 Loom
20:31 Scale Barding Armor
22:17 Chain Barding Armor
24:20 Forging
37:20 Imperial Age
36:45 Iron Casting
37:22 Cavalier
38:40 Plate Barding Armor
41:24 Blast Furnace
42:39 Paladin
46:44 Husbandry
xrixcis
10:18 Feudal Age
14:20 Castle Age
12:38 Double-Bit Axe
19:40 Horse Collar
21:24 Scale Barding Armor
24:15 Loom
26:37 Chain Barding Armor
27:27 Bloodlines
28:40 Forging
30:11 Husbandry
31:39 Gold Mining
31:41 Stone Mining
32:08 Bow Saw
32:01 Heavy Plow
32:38 Iron Casting
37:15 Imperial Age
35:21 Wheelbarrow
34:32 Town Watch
34:58 Fletching
37:44 Cavalier
39:02 Plate Barding Armor
38:44 Treadmill Crane
40:05 Chemistry
39:08 Paladin
41:08 Fletching
41:42 Ballistics
43:27 Bodkin Arrow
44:16 Conscription
44:24 Masonry
44:26 Fortified Wall
44:24 Bracer
44:44 Guilds
Leinad
9:20 Loom
11:52 Feudal Age
12:50 Double-Bit Axe
20:38 Castle Age
18:48 Fletching
18:46 Horse Collar
21:54 Bow Saw
22:06 Heavy Plow
23:45 Forging
28:11 Scale Mail Armor
35:39 Imperial Age
34:12 Wheelbarrow
33:46 Gold Mining
35:16 Hand Cart
37:06 Iron Casting
36:40 Squires
37:03 Stone Mining
37:57 Chain Mail Armor
40:53 Conscription
40:45 Elite Gbeto
41:38 Arson
42:25 Plate Mail Armor
42:00 Farimba
45:37 Scale Barding Armor
44:59 Heavy Camel Rider
45:50 Bloodlines
45:40 Husbandry
47:47 Chain Barding Armor
47:03 Light Cavalry
Connection lost

Rejoining the realm…

Still unreachable

The connection could not be restored.

Session expired

The server has moved on; the page needs a fresh start.